[Event "Vugar Gashimov Memorial Blitz 2024"]
[Site "Shusha"]
[Date "2024.09.28"]
[Round "8.1"]
[White "Mamedyarov, Shakhriyar"]
[Black "Nepomniachtchi, Ian"]
[Result "0-1"]
[ECO "D79"]
[WhiteElo "2733"]
[BlackElo "2755"]
[Annotator "TA"]
[PlyCount "105"]
[EventDate "2024.09.28"]
[EventType "tourn"]
[EventCountry "AZE"]
[SourceTitle "playchess.com"]
[Source "ChessBase"]
[SourceQuality "1"]
[TimeControl "180+2"]

1. Nf3 c5 2. g3 Nc6 3. Bg2 g6 4. c3 Bg7 5. d4 cxd4 6. cxd4 d5 7. O-O Nf6 8. Nc3 Ne4 9. Bf4 Nxc3 10. bxc3 O-O 11. Ne5 Nxe5 {[%emt 0:00:08] 11...Na5 is vanishing. D79: Fianchetto Grünfeld: Symmetrical Variation (6 0-0 c6 7 cxd5 cxd5).} 12. Bxe5 Bxe5 13. dxe5 Be6 14. Qd4 Qa5 15. Rfd1 $146 ({Predecessor:} 15. Qb4 Qc7 16. f4 Rac8 17. Rac1 Qc5+ 18. Kh1 Rc7 19. Qxc5 Rxc5 20. Rb1 b6 21. Rfd1 {0-1 Filewicz,P (2108)-Sieciechowicz,M (2438) POL-ch blitz 2018 (15)}) 15... Rfd8 16. Qb4 Qc7 17. f4 Rac8 18. Rd3 b6 19. Rad1 Kg7 20. a4 a5 21. Qd4 Qb8 (21... Bf5 $17 22. e6+ f6) 22. R3d2 (22. Rb1 $11) 22... Qc7 (22... Rc5 $5 23. h3 Rdc8 $17) 23. Rd3 Rd7 (23... Bf5 $15 24. R3d2 Qxc3 25. Qxc3 Rxc3 26. Rxd5 Rxd5 27. Bxd5 Bd7) 24. h3 h5 25. Kh2 Qd8 26. Qe3 (26. Qf2 $11) 26... Rc5 (26... Rxc3 $5 27. Rxc3 d4 28. Rxd4 Rxd4 $17) 27. Bf3 Bf5 28. Rd4 e6 (28... Qc8 $11 29. Rxd5 Rxc3 30. Qxb6 Rxd5 31. Rxd5 Rxf3 32. exf3 Qc2+ (32... Bxh3 $2 33. Rd8 $18) 33. Kg1 (33. Kh1 $2 Qe2 $19) 33... Qc1+ 34. Kf2 Qc2+ 35. Ke3 (35. Ke1 Bd3 $11) 35... Qc3+ 36. Kf2 Qc2+ (36... Bxh3 37. Qxa5 Qa1 38. Qe1 $11) 37. Ke3 (37. Ke1 Bd3 $11) 37... Qc1+ 38. Kf2 Bxh3) 29. Kg2 (29. g4 $1 $14 Bc2 30. R1d2) 29... Rdc7 $15 30. Rc1 Qc8 31. Rd2 $2 (31. Qf2 $15 Rxc3 32. Rxc3 Rxc3 33. g4 hxg4 34. hxg4) 31... Rxc3 $19 32. Rxc3 Rxc3 33. Qxb6 Qc4 (33... Rc1 $17 {Strongly threatening ...Ra1.} 34. Qd4 (34. Qxa5 $2 Ra1 $19) 34... Rc4) 34. Qd8 $1 $15 Be4 (34... Qxa4 35. Rb2 Rb3 36. Qf6+ Kg8 37. Qd8+ (37. Rxb3 Qxb3 38. g4 Bb1 $11) 37... Kh7 38. Rxb3 Qxb3 39. Qf6 $11) ({Black should play} 34... Qb4 $1 $15 35. Qf6+ Kg8 36. Qd8+ Kh7) 35. Qf6+ $11 Kg8 36. Qd8+ Kh7 37. Qe7 Bxf3+ (37... Qxa4 $2 {too greedy.} 38. Qxf7+ Kh8 39. Rb2 $18 (39. Qxe6 Rc2 $16)) 38. exf3 Qc7 (38... Qxa4 $2 {perishes.} 39. Qxf7+ Kh8 40. Qxg6 $18 (40. Qxe6 Rc2 $16)) 39. Qf6 $1 Kg8 40. g4 hxg4 41. hxg4 Rc2 42. Rxc2 Qxc2+ 43. Kg3 Qc8 44. f5 exf5 45. gxf5 Qxf5 46. Qxf5 $4 (46. Qd8+ $11 Kg7 47. Qxd5) 46... gxf5 47. Kf2 f6 48. exf6 Kf7 49. Ke3 Kxf6 50. f4 Ke7 51. Kd3 Kd7 52. Kc3 Kc6 53. Kd4 0-1

[Event "Vugar Gashimov Memorial Blitz 2024"]
[Site "Shusha"]
[Date "2024.09.28"]
[Round "8.2"]
[White "Suleymanli, Aydin"]
[Black "Artemiev, Vladislav"]
[Result "1-0"]
[ECO "C77"]
[WhiteElo "2632"]
[BlackElo "2701"]
[Annotator "TA"]
[PlyCount "77"]
[EventDate "2024.09.28"]
[EventType "tourn"]
[EventCountry "AZE"]
[SourceTitle "playchess.com"]
[Source "ChessBase"]
[SourceQuality "1"]
[TimeControl "180+2"]

1. e4 e5 2. Nf3 Nc6 3. Bb5 Nf6 4. d3 d6 5. c3 g6 6. O-O Bg7 7. h3 O-O 8. Re1 a6 9. Ba4 b5 10. Bc2 Re8 11. Nbd2 Bb7 {[%emt 0:00:00] White has an edge.} 12. a4 Nb8 13. b4 c5 14. Nb3 cxb4 15. cxb4 Nc6 16. Bd2 Qe7 17. axb5 axb5 18. Na5 Nxa5 19. bxa5 d5 ({Black should try} 19... Nd7 $14) 20. Qb1 $16 Qd7 21. Qb2 Nh5 22. Rab1 {[%emt 0:00:10] White is more active.} Bc6 (22... dxe4 $14 23. dxe4 (23. Qxb5 $2 Bc6 $19) 23... Bc6) 23. exd5 Bxd5 24. Qxb5 (24. Nxe5 $16 Qd6 25. d4) 24... Bc6 $14 25. Qb4 Bxf3 26. gxf3 {[%emt 0:00:01] [#] Ba4 would now be deadly.} (26. Ba4 $2 Bc6 27. Bxc6 Qxc6 $19) 26... Rec8 (26... Qxh3 $2 27. Qg4 Nf4 28. Qxh3 (28. Bxf4 Qxg4+ 29. fxg4 Rec8 $18) 28... Nxh3+ 29. Kf1 $16) 27. Bb3 Qxd3 28. Be3 Qf5 (28... Nf4 $1 $11 {keeps the balance.}) 29. Bd5 $16 Ra6 {[%emt 0:00:06][%mdl 8192] This move loses the game for Black.} (29... Bf8 $16 {is a better chance.} 30. Qa4 Bc5) 30. Bb7 $18 {[%emt 0:00:00][%csl LRa6,LRc8] This pair of bishops is nice.} Rb8 31. Qc5 {[%emt 0:00:00] Strongly threatening Qc7.} Bf8 32. Qc7 (32. Bxa6 Rxb1 33. Rxb1 (33. Qc3 $2 Bb4 $19) 33... Bxc5 34. Rb8+ Kg7 (34... Bf8 35. Bf1 $11) 35. Bxc5 Qxf3 $15 (35... Qxh3 36. Bf1 $11)) 32... Rxb7 33. Rxb7 {[%emt 0:00:01] Hoping for Rb8.} ({Weaker is} 33. Qxb7 Rxa5 34. Qc7 Ra3 $14) 33... Qxf3 34. Rb8 {[%emt 0:00:06] Threatening mate with Qe7.} Qxh3 {[%emt 0:00:02] [#]} 35. Rxf8+ $1 {[%emt 0:00:04][%mdl 512] White mates.} Kxf8 36. Bh6+ ({And not} 36. Qxe5 Qg4+ 37. Kf1 Qh3+ 38. Kg1 Qg4+ 39. Kh1 Qh3+ 40. Kg1 $11) 36... Ke8 37. Qb8+ Ke7 38. Rxe5+ Kf6 39. Qh8+ {[%emt 0:00:01] Weighted Error Value: White=0.05 (flawless) /Black=0.62.  Loses game:     	---       	Black=1      Mistake:       	White=1     	Black=3      Inaccurate:     	---       	Black=1      OK:         	White=16    	Black=10     Best:        	White=1     	Black=1} 1-0

[Event "Vugar Gashimov Memorial Blitz 2024"]
[Site "Shusha"]
[Date "2024.09.28"]
[Round "8.3"]
[White "Aravindh, Chithambaram VR."]
[Black "Abdusattorov, Nodirbek"]
[Result "1-0"]
[ECO "C64"]
[WhiteElo "2698"]
[BlackElo "2766"]
[Annotator "TA"]
[PlyCount "145"]
[EventDate "2024.09.28"]
[EventType "tourn"]
[EventCountry "AZE"]
[SourceTitle "playchess.com"]
[Source "ChessBase"]
[SourceQuality "1"]
[TimeControl "180+2"]

1. e4 e5 2. Nf3 Nc6 3. Bb5 Bc5 4. c3 Nf6 5. d4 exd4 6. e5 Nd5 7. O-O Be7 8. Qb3 Nb6 9. a4 a6 10. Bd3 a5 11. cxd4 Nb4 12. Bf5 d5 13. Bxc8 Rxc8 14. Bd2 O-O 15. Na3 c5 16. dxc5 Bxc5 17. Rac1 Qd7 18. Nb5 Nc4 19. Bxb4 axb4 20. Rcd1 Qe6 21. Rfe1 Rfe8 22. h3 h6 23. Re2 Rcd8 24. Nc7 Qc6 25. Nxe8 Rxe8 26. Qd3 Rd8 27. b3 Na5 28. Nd4 Bxd4 29. Qxd4 Qc3 (29... Qc8 $142 30. Qxb4 Nc6) 30. Qb6 $18 Nc6 31. Qxb7 d4 32. Red2 d3 33. Qc7 Rd5 34. Qc8+ Rd8 35. Qxd8+ Nxd8 36. Rxd3 Qxe5 37. Rxd8+ Kh7 38. R8d3 f5 39. Re3 Qc5 40. Rd7 h5 $2 (40... Qc6 {was worth a try.} 41. Rde7 Qc5) 41. g3 (41. Rg3 $142 h4 42. Rgxg7+ (42. Rdxg7+ Kh8 $18) 42... Kh6 43. Rh7+ Kg5 44. Rdg7+ Kf6 45. Rc7) 41... h4 (41... Qc1+ {is a better defense.} 42. Kh2 Qc5) 42. gxh4 $18 Qc1+ 43. Kh2 Qc2 44. Rf3 Qe4 45. Rdd3 g6 46. Rfe3 (46. Kg3 $142) 46... Qxh4 $18 47. Kg2 Qg5+ 48. Rg3 Qe7 (48... Qf4 $142 49. Rd7+ Kh6) 49. Rge3 Qg5+ 50. Kf1 Qf4 $2 (50... f4) 51. a5 $18 Qc7 (51... Kh6 $142 52. a6 Qb8) 52. a6 $18 Qc1+ 53. Ke2 Qc7 54. Kd1 $2 (54. Rd2 $18) 54... Kh6 $14 55. Re6 (55. Rd4 $14) 55... Qa5 $2 (55... Qc5 $11) 56. Rdd6 $18 Qa1+ 57. Ke2 Qa2+ (57... Kg5 $142 58. Rxg6+ Kf4) 58. Kf1 (58. Kf3 $142 Qxb3+ 59. Kg2) 58... Qxb3 59. Rxg6+ Kh5 60. a7 Qb1+ 61. Kg2 Qe4+ 62. Kh2 Qf4+ 63. Kg1 Qc1+ 64. Kg2 Qc8 65. Rh6+ Kg5 66. Rdg6+ Kf4 67. Ra6 Qg8+ 68. Kh2 Qa8 69. Rh8 Qxh8 70. a8=Q (70. a8=B Qd4 71. Ra5 Qxf2+ 72. Bg2 Qg3+ 73. Kh1 b3 74. Ra4+ Kg5 $19) 70... Qd4 71. Qb8+ Kf3 72. Qg3+ Ke2 73. Re6+ 1-0

[Event "Vugar Gashimov Memorial Blitz 2024"]
[Site "Shusha"]
[Date "2024.09.28"]
[Round "8.4"]
[White "Mamedov, Rauf"]
[Black "Rapport, Richard"]
[Result "1-0"]
[ECO "C50"]
[WhiteElo "2637"]
[BlackElo "2715"]
[Annotator "TA"]
[PlyCount "104"]
[EventDate "2024.09.28"]
[EventType "tourn"]
[EventCountry "AZE"]
[SourceTitle "playchess.com"]
[Source "ChessBase"]
[SourceQuality "1"]
[TimeControl "180+2"]

1. Nf3 Nc6 2. e4 e5 3. d4 exd4 4. Bc4 d6 5. Nxd4 Be7 6. Nc3 Nf6 7. O-O O-O 8. Re1 Re8 9. Bg5 {[%emt 0:00:06] C50: Hungarian Defence and Giuoco Pianissimo.} Ne5 10. Bb3 h6 11. Bf4 c6 $146 ({Predecessor:} 11... Ng6 12. Bg3 c6 13. a4 Bf8 14. h3 Qc7 15. Qd2 Bd7 16. Rad1 Rad8 17. Re3 Nh5 {1-0 Naroditsky,D (2618)-Halkias,S (2511) Titled Tuesday intern op 30th May Late blitz 2023 (7)}) 12. a4 Bf8 13. a5 Qc7 14. Bg3 Ng6 15. h3 Bd7 16. Qd3 Rad8 17. Qc4 Be6 18. Nxe6 fxe6 19. a6 Ne5 20. Qe2 b5 21. f4 Nf7 22. e5 dxe5 23. fxe5 Nd5 24. Ne4 Be7 (24... Ng5 $16 25. Nd6 Bxd6 26. exd6 Qb6+ 27. Bf2 Qb8) 25. Qg4 Ng5 26. Kh2 Nxe4 27. Rxe4 Bc5 28. Rf1 Qd7 {[%emt 0:00:05] [#]} (28... Qe7 $142 29. Bh4 g5 (29... Ne3 $2 30. Rxe3 g5 31. Rg3 $18)) 29. c3 $2 (29. Rf6 $1 $18 Kh8 30. Qh5 gxf6 31. Bxd5 (31. exf6 Kh7 $11)) 29... Rf8 $1 $14 (29... Ne3 $2 30. Rxe3 Bxe3 31. Rf3 $18 (31. Rf6 Qd2 $18)) 30. Rf6 Kh8 $1 31. Rxe6 Rf1 32. Re1 (32. Rd4 $5 Bxd4 33. cxd4 $16) 32... Ne3 33. Qe2 Rdf8 34. Rd6 $2 (34. h4 $11) 34... Rxe1 $19 (34... Bxd6 35. Qxe3 Rxe1 36. Qxe1 $11) 35. Qxe1 Bxd6 $2 (35... Qf5 $19 36. Rd1 (36. Rxc6 $2 {loses.} Qe4 $19) 36... Nf1+ (36... Nxd1 $2 37. Qxd1 Bf2 38. Bxf2 $17) 37. Qxf1 (37. Kh1 $2 Qg5 $19) 37... Qxf1 38. Rxf1 Rxf1) 36. Qxe3 $11 Bb8 $1 37. Bc2 Qe7 (37... Qe6 $11 {keeps the balance.}) 38. Qe4 $16 g5 $2 (38... g6 $16) 39. Qxc6 $18 Qg7 40. Qxb5 h5 41. Qe2 Qh6 42. e6 Bxg3+ 43. Kxg3 g4 $2 (43... Re8 44. Bf5 (44. Qe5+ Qg7 $14) 44... Kg8) 44. Qe5+ $18 (44. hxg4 Qf4+ 45. Kh3 hxg4+ 46. Qxg4 Qe3+ 47. g3 Rf6 $11) 44... Kg8 45. hxg4 (45. e7 $142 Re8 46. Bb3+ (46. hxg4 hxg4 47. Bb3+ Kh7 48. Ba4 Rc8 49. e8=Q Rxe8 50. Bc2+ Kg8 51. Qxe8+ Qf8) 46... Kh7 47. Bc2+ (47. hxg4 h4+ 48. Kh3 Qc6 $18) 47... Kg8 48. hxg4) 45... h4+ $18 46. Kh3 Qc1 47. e7 Qh1+ 48. Qh2 Qxh2+ 49. Kxh2 Re8 50. b4 Rxe7 51. b5 Rc7 52. Be4 Rd7 1-0

[Event "Vugar Gashimov Memorial Blitz 2024"]
[Site "Shusha"]
[Date "2024.09.28"]
[Round "9.1"]
[White "Mamedov, Rauf"]
[Black "Mamedyarov, Shakhriyar"]
[Result "0-1"]
[ECO "B28"]
[WhiteElo "2637"]
[BlackElo "2733"]
[Annotator "TA"]
[PlyCount "54"]
[EventDate "2024.09.28"]
[EventType "tourn"]
[EventCountry "AZE"]
[SourceTitle "playchess.com"]
[Source "ChessBase"]
[SourceQuality "1"]
[TimeControl "180+2"]

1. e4 c5 2. Nf3 a6 3. g3 Nc6 4. Bg2 Nf6 5. d3 e5 6. h3 Be7 7. Nbd2 (7. Nc3 $142) 7... O-O 8. a3 (8. Nc4 $11 {should be considered.}) 8... d6 9. b4 cxb4 10. axb4 Nxb4 11. Ba3 d5 {[%emt 0:00:32] Black is more active.} 12. Nxe5 (12. O-O $17) 12... Qc7 $19 13. Bxb4 Bxb4 14. Ng4 Bxg4 15. hxg4 dxe4 {[%emt 0:00:01][%cal Oe4e3] [#] ...e3! would now be deadly.} 16. O-O {[%emt 0:00:12] White is weak on the dark squares} exd3 (16... e3 $1 $19 17. fxe3 Bxd2 (17... Qxg3 $2 18. Rf3 $19) 18. Qxd2 Qxg3 (18... Nxg4 19. Rf4 $17)) 17. cxd3 $17 Bxd2 (17... Rfd8 $17 18. Rc1 Qb6) 18. Qxd2 $15 Nxg4 19. Rfe1 ({Better is} 19. Qb4 $15 h5 20. Qxb7) 19... Rab8 $17 20. Rac1 Qd6 (20... Qd8 $19 21. d4 Nf6) 21. Bf3 (21. Re4 $17 {might work better.} h5 22. Rb4) 21... Ne5 $19 22. Be4 Rfd8 23. Qf4 Nxd3 (23... Kf8 $19 24. Qh4 h6 (24... Nxd3 25. Rcd1 $11) 25. Bxb7 Kg8 (25... Rxb7 26. Rxe5 Rb3 27. Rce1 $17) (25... Qxd3 $2 {loses.} 26. Qb4+ Kg8 27. Rxe5 $18)) 24. Qh4 $2 {[%emt 0:00:00][%mdl 8192] [#] This costs White the game.} (24. Qxd6 $17 Rxd6 25. Rcd1) 24... Nxe1 25. Qxh7+ Kf8 26. Qh8+ Ke7 27. Qh4+ (27. Qxg7 $142 Rg8 28. Qc3) 27... Qf6 {[%emt 0:00:01] Weighted Error Value: White=0.71/Black=0.17 (very precise) .  Loses game:     	White=1     	---        Mistake:       	White=7     	Black=4      Inaccurate:     	White=1     	Black=1      OK:         	White=5     	Black=6      Best:        	---       	Black=3} 0-1

[Event "Vugar Gashimov Memorial Blitz 2024"]
[Site "Shusha"]
[Date "2024.09.28"]
[Round "9.2"]
[White "Rapport, Richard"]
[Black "Aravindh, Chithambaram VR."]
[Result "0-1"]
[ECO "C00"]
[WhiteElo "2715"]
[BlackElo "2698"]
[Annotator "RC"]
[PlyCount "72"]
[EventDate "2024.09.28"]
[EventType "tourn"]
[EventCountry "AZE"]
[SourceTitle "playchess.com"]
[Source "ChessBase"]
[SourceQuality "1"]
[TimeControl "180+2"]

1. e4 c5 2. Nf3 e6 3. d3 Nc6 4. g3 d5 5. Nbd2 Nf6 6. Bg2 Be7 7. O-O O-O 8. e5 Nd7 9. Re1 b5 10. Nf1 a5 11. h4 Bb7 12. Bf4 a4 13. a3 b4 14. axb4 cxb4 15. d4 Qb6 16. Ne3 Rfc8 17. h5 h6 18. Ng4 Bf8 19. Qd2 Qd8 20. Bf1 a3 21. b3 Ba6 22. Bh3 Rc7 23. Ne3 Na7 24. g4 Be7 25. Kh2 Nb5 26. Rg1 Nc3 27. Nf5 Ne4 28. Qc1 Rac8 29. Ra2 exf5 30. gxf5 Bg5 31. f6 Rxc2 32. Rxc2 Rxc2 33. Qxc2 Bxf4+ 34. Kh1 Ndxf6 35. exf6 Qxf6 36. Bf1 Qf5 0-1

[Event "Vugar Gashimov Memorial Blitz 2024"]
[Site "Shusha"]
[Date "2024.09.28"]
[Round "9.3"]
[White "Abdusattorov, Nodirbek"]
[Black "Suleymanli, Aydin"]
[Result "1/2-1/2"]
[ECO "C77"]
[WhiteElo "2766"]
[BlackElo "2632"]
[Annotator "TA"]
[PlyCount "124"]
[EventDate "2024.09.28"]
[EventType "tourn"]
[EventCountry "AZE"]
[SourceTitle "playchess.com"]
[Source "ChessBase"]
[SourceQuality "1"]
[TimeControl "180+2"]

1. e4 e5 2. Nf3 Nc6 3. Bb5 a6 4. Ba4 Nf6 5. d3 b5 6. Bb3 Bc5 7. c3 d6 8. Bg5 {[%emt 0:00:01] is cutting edge theory. C77: Ruy Lopez: 3...a6 4 Ba4 Nf6, unusual lines.} h6 9. Bh4 Rb8 10. a4 g5 11. Bg3 Qe7 12. axb5 axb5 13. Nbd2 Be6 14. Bc2 $146 ({Predecessor:} 14. O-O h5 15. h4 g4 16. Ng5 Bxb3 17. Nxb3 Nd7 18. d4 Bb6 19. d5 Nd8 20. Na5 Bxa5 21. Rxa5 {1-0 Matinian,N (2454)-Shahade,G (2476) Speed Chess GP3 blitz 2021 (7)}) 14... Bb6 15. O-O O-O 16. b4 Nh7 17. Re1 h5 18. h4 g4 19. Nh2 Rfd8 20. Kh1 Nf8 21. f3 Ng6 22. fxg4 hxg4 23. Bb3 Bxb3 24. Nxb3 Nxh4 25. Qxg4+ Ng6 26. Rf1 Qe6 27. Qxe6 fxe6 28. Bf2 Ra8 29. Bxb6 cxb6 30. g3 Kg7 31. Kg2 d5 32. Nf3 Rxa1 33. Rxa1 dxe4 34. dxe4 Rd3 35. Rc1 Nxb4 36. Ne1 Re3 37. Kf2 Rxe1 $1 ({Much worse is} 37... Rxe4 $6 38. cxb4 Rxb4 39. Rb1 $18) 38. Kxe1 Nd3+ 39. Ke2 Nxc1+ 40. Nxc1 Ne7 41. Nd3 Nc6 42. Nb4 Ne7 43. Na6 Nc6 44. Nc7 b4 45. cxb4 Nxb4 46. Nxe6+ Kg6 47. Nc7 Nc6 48. Ke3 Nd4 49. Nd5 b5 50. Nb4 Kg5 51. Nd3 Nc6 52. Nc5 Kg4 53. Kf2 b4 54. Nd3 b3 55. Kg2 Kg5 56. Kf3 Nd4+ 57. Ke3 Nc6 58. Kd2 Kg4 59. Kc3 Kxg3 60. Kxb3 Kf3 61. Nxe5+ Nxe5 62. Kc3 Kxe4 1/2-1/2

[Event "Vugar Gashimov Memorial Blitz 2024"]
[Site "Shusha"]
[Date "2024.09.28"]
[Round "9.4"]
[White "Artemiev, Vladislav"]
[Black "Nepomniachtchi, Ian"]
[Result "0-1"]
[ECO "D53"]
[WhiteElo "2701"]
[BlackElo "2755"]
[Annotator "TA"]
[PlyCount "136"]
[EventDate "2024.09.28"]
[EventType "tourn"]
[EventCountry "AZE"]
[SourceTitle "playchess.com"]
[Source "ChessBase"]
[SourceQuality "1"]
[TimeControl "180+2"]

1. d4 Nf6 2. c4 e6 3. Nf3 d5 4. Nc3 Be7 5. Bg5 h6 6. Bh4 dxc4 7. e3 {[%emt 0:00:02] D53: Queen's Gambit Declined: 4 Bg5 Be7: Early deviations.} c5 8. dxc5 Qxd1+ 9. Rxd1 Nbd7 10. Bxc4 Nxc5 11. Ne5 Nfd7 12. Bg3 a6 $146 ({Predecessor:} 12... Bf6 13. Bb5 a6 14. Bxd7+ Nxd7 15. Nc4 b5 16. Nd6+ Ke7 17. O-O Bxc3 18. bxc3 f6 {½-½ Kalesis,N (2435)-Hristodoulou,P (2329) GRE-chT 49th 2022 (4.4)}) 13. Be2 Nxe5 14. Bxe5 f6 15. Bh5+ Kf8 16. Bc7 b5 17. b4 Nd7 18. a3 Ra7 19. Bg3 g5 20. O-O Kg7 21. Ne4 Nb6 22. Nd6 Rd8 23. Bf3 Bxd6 24. Bxd6 Rad7 $2 (24... Nc4 $11 {and Black is okay.} 25. Bc5 Rad7) 25. Bc7 $1 $18 Rxd1 26. Bxd1 Rxd1 27. Rxd1 Nc4 28. Ba5 Kg6 29. Rd8 Bb7 30. Rd7 Bd5 31. Ra7 Nxa3 32. Rxa6 Nc2 33. Rb6 Bc4 34. Rd6 g4 35. Rd2 Ne1 36. Rd1 Nd3 37. f3 h5 38. Rd2 e5 39. Rd1 Kf5 40. Rd2 (40. Rb1 $16) 40... gxf3 (40... Kg6 $1 $11) 41. gxf3 $16 e4 42. fxe4+ Kxe4 43. Rg2 Kxe3 44. Rg7 (44. Rg6 $142 $1) 44... f5 {[%emt 0:00:04] [#]} 45. Re7+ (45. Rg5 $1 $16) 45... Kf3 $11 46. Rh7 Nf4 47. h4 Kg4 48. Rg7+ Kf3 $1 49. Kh2 Ne6 (49... Nd3 $14) 50. Rh7 Kg4 51. Rh8 f4 (51... Nd4 $11 {remains equal.}) 52. Kg2 (52. Rg8+ $16 Kf3 53. Rg6) 52... Bd5+ 53. Kf2 Kxh4 54. Rg8 Kh3 (54... Nc5 $5 55. Bd8+ Kh3 $16) 55. Bd8 Bc4 {[%emt 0:00:01] [#]} 56. Rg6 $2 (56. Be7 $1 $11) 56... Nxd8 $19 57. Rg5 h4 58. Rg7 Ne6 59. Rg6 Nd4 60. Rg7 Nc2 61. Kf3 Nxb4 62. Kxf4 Nd3+ 63. Kg5 Ne5 64. Rh7 Kg3 65. Kf5 Nf3 66. Rg7+ Kf2 67. Kg4 h3 68. Rh7 h2 0-1

[Event "Vugar Gashimov Memorial Blitz 2024"]
[Site "Shusha"]
[Date "2024.09.28"]
[Round "10.1"]
[White "Mamedyarov, Shakhriyar"]
[Black "Artemiev, Vladislav"]
[Result "0-1"]
[ECO "D36"]
[WhiteElo "2733"]
[BlackElo "2701"]
[Annotator "TA"]
[PlyCount "100"]
[EventDate "2024.09.28"]
[EventType "tourn"]
[EventCountry "AZE"]
[SourceTitle "playchess.com"]
[Source "ChessBase"]
[SourceQuality "1"]
[TimeControl "180+2"]

1. d4 Nf6 2. c4 e6 3. Nc3 d5 4. cxd5 exd5 5. Bg5 c6 6. e3 h6 7. Bh4 Be7 8. Bd3 O-O 9. Qc2 {[%emt 0:00:05] 9.Bg3 is the recent fashion.} a5 10. Nf3 {[%emt 0:00:04] D36: Queen's Gambit Declined: Exchange Variation: Main line (5 Bg5 c6 6 Qc2).} Re8 11. O-O Na6 12. a3 Nc7 13. Ne5 Ne6 14. Rad1 Nf8 15. f4 $146 ({Predecessor:} 15. h3 Be6 16. Na4 N6d7 17. Bxe7 Qxe7 18. Nxd7 Nxd7 19. Rfe1 Qd6 20. Rc1 Rf8 21. Qd2 {1-0 Gerard,N (2244)-Le Franc,Y (1964) Avoine op 30th 2015 (8)}) 15... Ng4 16. Bxe7 Qxe7 17. Qe2 Nf6 18. Rde1 c5 19. g4 Be6 20. Qg2 cxd4 21. exd4 Qd8 22. f5 Bd7 23. h4 (23. Nxd5 Bc6 24. Nxf6+ Qxf6 $11) 23... N6h7 (23... Qb6 $16 24. Qf2 (24. Nxd5 $2 Qxd4+ 25. Qf2 Qxf2+ 26. Kxf2 Rxe5 $19) 24... N8h7) 24. Qxd5 Qxh4 25. Qxf7+ Kh8 26. Re3 Bc6 $2 {[%emt 0:00:09] [#]} (26... Re7 27. Qh5 Qxh5 28. gxh5 Nf6) 27. Bc4 $2 ({White has to play} 27. f6 $1 $18 Qh1+ 28. Kf2 Qh4+ 29. Ke2 Nxf6 30. Qxf8+ Rxf8 31. Ng6+ Kg8 32. Nxh4 Nxg4 33. Rxf8+ Rxf8 34. Re7) 27... Qh1+ $2 (27... Nf6 $1 $14) 28. Kf2 $18 Qh2+ 29. Ke1 Nf6 30. g5 Qh4+ {[%emt 0:00:03] [#]} 31. Ke2 $2 ({Better is} 31. Kd1 $1 $18 Qxg5 32. Ree1) 31... Qxg5 $11 32. d5 Rxe5 33. Rxe5 Qg4+ $1 (33... Qg2+ $6 34. Kd1 $16) 34. Kd3 N8d7 $2 (34... b5 $11 {and Black is okay.} 35. dxc6 (35. Bxb5 $2 Bxb5+ 36. Nxb5 Qh3+ 37. Kc2 Qxf1 $19) (35. Nxb5 N8d7 $11) 35... bxc4+ 36. Qxc4 Rd8+ 37. Rd5 (37. Nd5 Qg3+ 38. Kd4 Qg4+ 39. Kc3 Qg3+ 40. Kd4 Qh4+ 41. Kd3 Qg3+ 42. Kd4 $11) 37... Qg2 38. Rxd8 Qxf1+ 39. Kd4 Qg1+ 40. Ke5 Qg3+ 41. Qf4 (41. Kd4 Qf2+ 42. Ke5 Qg3+ 43. Kd4 Qf2+ 44. Kd3 Qf1+ 45. Kd4 Qg1+ 46. Kd3 Qf1+ $11) 41... Ng4+ 42. Ke4 Nf6+ 43. Ke5 Ng4+ 44. Ke4 Nf6+ 45. Ke5) 35. Re7 $18 Nc5+ 36. Kc2 Ba4+ 37. Kb1 Rg8 38. Ba2 $2 ({White should play} 38. d6 $18) 38... Qh3 $2 (38... Be8 $11 39. Rxe8 Rxe8) 39. Rc1 $2 ({White should try} 39. Rg1 $18 Qh2 (39... Qxf5+ $2 40. Ka1 $18) (39... Be8 $2 40. Rxe8 Qd3+ 41. Ka1 $18) 40. Ne2 (40. Rxg7 Qh1+)) 39... Qxf5+ 40. Ka1 Be8 41. Rxe8 $1 Rxe8 42. d6 (42. Rg1 $5 Qd7 $8 43. Qg6 $11 (43. Rxg7 Re1+ 44. Bb1 Qxf7 $11)) 42... Rd8 $2 (42... Qd7 $11 {and Black has nothing to worry.}) 43. Qc7 $2 ({Only move:} 43. Rg1 $18 Rg8 (43... Rxd6 44. Qxg7#) (43... Rd7 44. Qf8+ Kh7 45. Bg8+ Nxg8 46. Qxf5+ Kh8 47. Qxc5 b5 48. Qc8 Rxd6 49. Qc7) 44. Qe7) 43... Rc8 $1 $11 44. Qe7 (44. Rd1 {feels hotter.} Ng8 45. Rd5 Qf1+ 46. Rd1) 44... Qd7 45. Nd5 $2 (45. Ne2 $11 Re8 46. Nf4) 45... Nb3+ $19 46. Bxb3 Rxc1+ 47. Ka2 Qxe7 48. dxe7 Re1 49. Nf4 g5 (49... Rxe7 50. Ng6+ Kh7 51. Nxe7 $16) 50. Ne6 g4 0-1

[Event "Vugar Gashimov Memorial Blitz 2024"]
[Site "Shusha"]
[Date "2024.09.28"]
[Round "10.2"]
[White "Nepomniachtchi, Ian"]
[Black "Abdusattorov, Nodirbek"]
[Result "1/2-1/2"]
[ECO "B19"]
[WhiteElo "2755"]
[BlackElo "2766"]
[Annotator "TA"]
[PlyCount "139"]
[EventDate "2024.09.28"]
[EventType "tourn"]
[EventCountry "AZE"]
[SourceTitle "playchess.com"]
[Source "ChessBase"]
[SourceQuality "1"]
[TimeControl "180+2"]

1. e4 c6 2. d4 d5 3. Nc3 dxe4 4. Nxe4 Bf5 5. Ng3 Bg6 6. c3 Nd7 7. h4 h6 8. Nf3 e6 9. h5 Bh7 10. Bd3 Bxd3 11. Qxd3 Ngf6 12. Bf4 Qa5 13. Bd2 {[%emt 0:00:31] B19: Classical Caro-Kann: 4...Bf5 main line.} Bd6 14. c4 Qa6 15. Ne2 O-O-O $146 ({Predecessor:} 15... c5 16. b3 Rd8 17. Qc2 O-O 18. Kf1 b5 19. Kg1 bxc4 20. Qxc4 Qxc4 21. bxc4 Nb6 {0-1 Vereggen,L (1872)-Kabos,T (2166) Enschede op-A U18 2009 (3)}) 16. O-O e5 17. dxe5 Bxe5 18. Nxe5 Nxe5 19. Qf5+ Nfd7 20. b3 Qa3 21. Bc3 Rhe8 22. Ng3 Qe7 23. Rad1 g6 24. Qh3 Kb8 25. Rfe1 Qg5 26. Ne4 Qf4 27. Nd6 Re6 28. Nxf7 Qxf7 29. Bxe5+ Kc8 30. Bh2 Rde8 31. Rxe6 Qxe6 32. Qxe6 Rxe6 33. hxg6 Rxg6 34. Rd6 Rxd6 35. Bxd6 Nf6 36. f3 Kd7 37. Bf4 h5 38. Kf2 Ke6 39. Ke3 Kf5 40. Bb8 a6 41. Ba7 Nd7 42. Bd4 Nf8 43. Kf2 Ne6 44. Be3 Nf8 45. Kg3 Ng6 46. Kh3 b5 47. cxb5 cxb5 48. Kg3 Ne5 (48... Ke5 {keeps fighting.} 49. Kh3 Kf6) 49. Kh4 $18 Kg6 50. Bd2 Nd3 51. g4 hxg4 52. fxg4 (52. Kxg4 $142 {aiming for f4.} Nf2+ 53. Kf4) 52... Nc5 53. Kh3 Ne4 54. Ba5 Kg5 {[%emt 0:00:04] [#]} 55. Bd8+ (55. Bb6 $1 $18) 55... Kg6 $1 $14 56. Kg2 Nc3 57. a3 Nb1 58. a4 bxa4 $1 59. bxa4 Nc3 60. a5 Nb5 61. Kf3 Kf7 62. Ke4 Ke6 63. g5 (63. Bg5 $16) 63... Nd6+ $11 64. Kf4 Nf7 65. Bb6 Nxg5 66. Kxg5 Kd7 67. Kf5 Kc6 68. Ke6 Kb7 $1 69. Kd7 Ka8 70. Kc8 1/2-1/2